 Dungeon Crawl Stone Soup version 0.23.2-33-g5129a83184 (webtiles) character file.

Game seed: 3546173968694133132

3273 Matador8 the Spear-Bearer (level 10, -3/120 HPs)
             Began as a Naga Gladiator on June 26, 2019.
             Was a Believer of Cheibriados.
             Slain by a hog (10 damage)
             ... on level 7 of the Dungeon.
             The game lasted 00:42:58 (8182 turns).

Matador8 the Spear-Bearer (Naga Gladiator)          Turns: 8182, Time: 00:42:58

Health: -3/120     AC:  7    Str: 29    XL:     10   Next: 0%
Magic:  5/14       EV: 10    Int: 14    God:    Cheibriados [**....]
Gold:   407        SH:  0    Dex: 18    Spells: 6/9 levels left

rFire    . . .     SeeInvis +   a - +0 trident
rCold    . . .     Gourm    .   (no shield)
rNeg     . . .     Faith    .   w - +0 ring mail
rPois    +         Spirit   .   c - +0 helmet
rElec    .         Reflect  .   (no cloak)
rCorr    .         Harm     .   o - +0 pair of gloves
MR       +....                  (no barding)
Stlth    ..........             (no amulet)
HPRegen  0.30/turn              (no ring)
MPRegen  0.14/turn              (no ring)

@: berserking, very slightly contaminated, very slow
A: large, see invisible, deformed body, poison resistance, slowness 2, slow
metabolism 1, spit poison 1, AC +3
a: Spit Poison, Bend Time, Renounce Religion


You were on level 7 of the Dungeon.
You worshipped Cheibriados.
Cheibriados was pleased with you.
You were not hungry.

You visited 2 branches of the dungeon, and saw 8 of its levels.

You collected 497 gold pieces.
You spent 90 gold pieces at shops.

Inventory:

Hand Weapons
 a - a +0 trident (weapon)
Missiles
 D - 2 curare-tipped needles
Armour
 b - a +0 leather armour
 c - a +0 helmet (worn)
 o - a +0 pair of gloves (worn)
 w - a +0 ring mail (worn)
Jewellery
 e - a cursed ring of attention {unknown}
 s - a cursed ring of teleportation {unknown}
 A - the amulet of Altruism {Gourm Str+2, unknown}
   (You found it on level 6 of the Dungeon)

   [amulet of the gourmand]

   It allows you to eat raw meat even when not hungry.
   It affects your strength (+2).
Wands
 d - a wand of flame (17)
 x - a wand of iceblast (16)
 z - a wand of acid (8)
Scrolls
 g - 3 scrolls of enchant weapon
 j - a scroll of teleportation {unknown}
 p - 2 scrolls of fog
 q - a scroll of magic mapping {unknown}
 t - 3 scrolls of remove curse
 v - a scroll of amnesia {unknown}
 y - 2 scrolls of immolation {unknown}
 E - a scroll of identify
Potions
 h - 2 potions of degeneration {unknown}
 k - 2 potions of might {unknown}
 l - a potion of brilliance {unknown}
 n - 4 potions of curing
 r - a potion of haste {unknown}
 u - a potion of lignification {unknown}
 B - a potion of flight {unknown}
 G - a potion of magic {unknown}
Comestibles
 f - 5 rations


   Skills:
 - Level 2.0 Fighting
 * Level 11.5 Polearms
 - Level 3.3 Throwing
 - Level 2.4 Dodging
 - Level 4.4 Stealth
 + Level 2.2 Hexes
 - Level 5.5 Invocations
 - Level 2.0 Evocations


You had 6 spell levels left.
You knew the following spells:

 Your Spells              Type           Power        Failure   Level  Hunger
a - Confuse               Hex            #.......     45%         3    ####...

Your spell library contained the following spells:

 Spells                   Type           Power        Failure   Level  Hunger
 Corona                   Hex            #......      17%         1    ##.....
 Summon Small Mammal      Summ           #...         38%         1    ##.....
 Ensorcelled Hibernation  Hex/Ice        #.....       38%         2    ###....
 Tukima's Dance           Hex            #.......     45%         3    ####...
 Call Imp                 Summ           #.......     54%         2    ###....
 Dazzling Spray           Conj/Hex       #.....       63%         3    ####...
 Summon Guardian Golem    Hex/Summ       #.......     63%         3    ####...
 Call Canine Familiar     Summ           #.......     77%         3    ####...
 Summon Ice Beast         Ice/Summ       #.......     99%         4    #####..
 Summon Lightning Spire   Summ/Air       #.......     99%         4    #####..


Dungeon Overview and Level Annotations

Branches:
Dungeon (7/15)             Temple (1/1) D:4

Altars:
Ashenzari
Cheibriados
Dithmenos
Elyvilon
Fedhas
Gozag
Hepliaklqana
Kikubaaqudgha
Makhleb
Nemelex Xobeh
Okawaru
Qazlal
Ru
Sif Muna
Trog
Uskayaw
Vehumet
Xom
Yredelemnul
Zin
The Shining One

Annotations:
D:6 exclusion: door


Innate Abilities, Weirdness & Mutations

You cannot wear boots.
Your serpentine skin is tough. (AC +3)
You have supernaturally acute eyesight. (SInv)
Armour fits poorly on your strangely shaped body.
Your system is resistant to poisons. (rPois)
You cover ground very slowly.
You have a slow metabolism.
You can spit poison.


Message History

* * * LOW HITPOINT WARNING * * *
The hog barely misses you. The hog completely misses you.
You have got your breath back.
The hog looks more healthy.
The hog closely misses you. The hog barely misses you. The hog misses you.
The hog bites you!
* * * LOW HITPOINT WARNING * * *
The hog bites you!
* * * LOW HITPOINT WARNING * * *
The hog barely misses you. The hog bites you but does no damage.
The hog bites you but does no damage. The hog misses you.
The hog bites you but does no damage. The hog completely misses you.
There is a glowing silver altar of Zin here.
Okay, then.
It was a potion of berserk rage.
A red film seems to cover your vision as you go berserk!
Cheibriados protects you from inadvertent hurry.
You feel mighty!
The hog bites you but does no damage. x2; The hog misses you.
The hog bites you!
You die...

########### ###### #(........#
#..... #...###...# #....>
######..##⌠##..# #.....
#........#@#...# #.....
###........hh..#.#######[....
##...................>........
#.†..........∩...########.....
##)#####........## #..... #h.
#####....### #####. #..#
##......## #. #..'.
##........##########. #%.#..
#..........##........


You could see 2 hogs.

Vanquished Creatures
  Prince Ribbit (D:6)
  A hippogriff (D:7)
  A human (D:7)
  Eustachio (D:6)
  A hog (D:7)
  Menkaure (D:4)
  Edmund (D:6)
  2 ice beasts
  A black bear (D:6)
  A sky beast (D:5)
  2 ogres (D:6)
  3 centaurs
  A crocodile (D:7)
  3 bullfrogs
  2 scorpions (D:7)
  2 howler monkeys
  A crimson imp (D:6)
  3 orc priests (D:3)
  3 hounds
  3 jellies
  A gnoll shaman (D:4)
  6 orc wizards
  2 centaur skeletons (D:4)
  An iguana (D:7)
  6 worker ants
  A hound skeleton (D:5)
  2 worker ant zombies (D:5)
  8 gnolls
  9 adders
  2 shadow imps
  3 adder skeletons
  2 worms
  A dart slug (D:2)
  4 leopard geckos
  21 orcs
  6 bats
  6 giant cockroaches
  11 goblins
  7 hobgoblins
  11 jackals
  6 kobolds
  2 quokkas (D:3)
  8 frilled lizards
  A leopard gecko skeleton (D:5)
  A quokka skeleton (D:6)
  5 rats
167 creatures vanquished.

Notes
Turn   | Place    | Note
-------+----------+-------------------------------------------
     0 | D:1      | Matador8 the Naga Gladiator began the quest for the Orb.
     0 | D:1      | Reached XP level 1. HP: 19/19 MP: 1/1
   403 | D:1      | Reached XP level 2. HP: 26/26 MP: 2/2
  1068 | D:2      | Reached skill level 4 in Polearms
  1068 | D:2      | Reached XP level 3. HP: 21/32 MP: 3/3
  1744 | D:3      | Reached XP level 4. HP: 30/39 MP: 4/4
  2107 | D:3      | Reached XP level 5. HP: 40/45 MP: 5/5
  2310 | D:3      | Reached skill level 5 in Polearms
  2575 | D:3      | HP: 1/45 [orc wizard/magic dart (5)]
  2901 | D:3      | Reached XP level 6. HP: 44/52 MP: 6/6
  2908 | D:3      | Reached skill level 6 in Polearms
  3067 | D:4      | Got a steaming chain mail
  3170 | D:4      | Reached skill level 1 in Stealth
  3324 | D:4      | Reached XP level 7. HP: 51/60 MP: 7/7
  3399 | D:4      | Reached skill level 7 in Polearms
  3636 | D:4      | Found a bloodstained altar of Trog.
  3837 | D:4      | Found a staircase to the Ecumenical Temple.
  3840 | D:4      | Noticed Menkaure
  3864 | D:4      | Killed Menkaure
  4017 | Temple   | Entered the Ecumenical Temple
  4750 | D:4      | Found a deep blue altar of Sif Muna.
  4752 | D:4      | Found a bloodstained altar of Trog.
  4753 | D:4      | Found a shattered altar of Ashenzari.
  4754 | D:4      | Found a radiant altar of Vehumet.
  4754 | D:4      | Found a sparkling altar of Nemelex Xobeh.
  4754 | D:4      | Found a burning altar of Makhleb.
  4755 | D:4      | Found a basalt altar of Yredelemnul.
  4756 | D:4      | Found a snail-covered altar of Cheibriados.
  4758 | D:4      | Found an iron altar of Okawaru.
  4759 | D:4      | Found an opulent altar of Gozag.
  4772 | D:4      | Became a worshipper of Cheibriados the Contemplative
  4791 | D:5      | Entered Level 5 of the Dungeon
  5042 | D:5      | Reached skill level 1 in Evocations
  5148 | D:5      | Reached skill level 8 in Polearms
  5148 | D:5      | Reached XP level 8. HP: 35/67 MP: 7/9
  5439 | D:5      | Reached * piety under Cheibriados
  5439 | D:5      | Reached skill level 1 in Invocations
  5809 | D:6      | Reached skill level 9 in Polearms
  5820 | D:6      | Found a stormy altar of Qazlal.
  5890 | D:6      | Noticed Eustachio
  5968 | D:6      | Killed Eustachio
  6326 | D:6      | Reached XP level 9. HP: 66/73 MP: 11/11
  6426 | D:6      | Noticed Edmund
  6442 | D:6      | Killed Edmund
  6442 | D:6      | Reached skill level 10 in Polearms
  6589 | D:6      | Noticed Prince Ribbit
  6866 | D:6      | Got a warped diamond amulet
  6890 | D:6      | Reached ** piety under Cheibriados
  7208 | D:6      | Killed Prince Ribbit
  7426 | D:7      | Reached skill level 5 in Invocations
  7770 | D:7      | Reached skill level 11 in Polearms
  7852 | D:7      | Identified the +6 chain mail of Upiagol {-Tele Regen+ MP+9
                  | Int-4} (You found it on level 4 of the Dungeon)
  7875 | D:7      | Learned a level 3 spell: Confuse
  8060 | D:7      | Reached skill level 1 in Hexes
  8086 | D:7      | Found Zin's Purification Station.
  8096 | D:7      | Found a glowing silver altar of Zin.
  8101 | D:7      | Bought a potion of curing for 90 gold pieces
  8162 | D:7      | Reached XP level 10. HP: 28/80 MP: 11/14
  8179 | D:7      | HP: 3/80 [hog (9)]
  8182 | D:7      | Slain by a hog

Skill      XL: |  1  2  3  4  5  6  7  8  9 |
---------------+----------------------------+-----
Polearms       | 4 5 6 8 9 11 | 11.5
Throwing       | 2 3 |  3.3
Stealth        | 2 4 |  4.4
Evocations     | 1 2 |  2.0
Invocations    | 3 5 |  5.5
Hexes          | 2 |  2.2
Fighting       | |  2.0
Dodging        | |  2.4

Action                   |  1- 3 |  4- 6 |  7- 9 | 10-12 || total
-------------------------+-------+-------+-------+-------++-------
Melee: Trident           |    99 |   187 |   474 |     8 ||   768
Throw: Throwing net      |       |     4 |     1 |       ||     5
Invok: Bend Time         |       |       |     8 |     3 ||    11
 Abil: Spit Poison       |     4 |    13 |    38 |     1 ||    56
  Use: Potion            |       |     1 |     2 |     2 ||     5
       Scroll            |       |     3 |     4 |     1 ||     8
 Stab: Held in net/web   |       |     2 |       |       ||     2
       Sleeping          |       |       |    10 |       ||    10
  Eat: Chunk             |     2 |     5 |    11 |       ||    18
       Ration            |       |       |     1 |       ||     1
Armor: Leather armour    |    20 |    59 |   104 |       ||   183
       Ring mail         |       |       |    10 |     6 ||    16
Dodge: Dodged            |    53 |    94 |   186 |    18 ||   351
